 Dungeon Crawl Stone Soup version 0.29-a0-330-g52719c12eb (webtiles) character file.

Game seed: 14761927565081529076

97 argonath2 the Ruffian (level 4, -5/35 HPs)
             Began as a Draconian Transmuter on May 24, 2022.
             Slain by a scorpion (7 damage)
             ... on level 4 of the Dungeon.
             The game lasted 00:08:51 (2779 turns).

argonath2 the Ruffian (Draconian Transmuter)        Turns: 2779, Time: 00:08:52

Health: -5/35      AC:  5    Str: 21    XL:     4   Next: 42%
Magic:  7/7        EV: 12    Int: 13    God:
Gold:   188        SH:  0    Dex: 11    Spells: 7/8 levels left

rFire   + . .      SeeInvis .     - Unarmed
rCold   x . .      Faith    .   (no shield)
rNeg    . . .      Spirit   .   (body armour unavailable)
rPois   .          Reflect  .   (helmet restricted)
rElec   .          Harm     .   (no cloak)
rCorr   .          Rampage  .   (no gloves)
Will    .....                   (no boots)
Stlth   ..........              (no amulet)
HPRegen 0.11/turn               t - +6 ring of strength
MPRegen 0.10/turn               u - ring of fire

@: lethally poisoned (-5 -> -11), silenced
A: AC +5, unfitting armour, cold-blooded
a: no special abilities


You were on level 4 of the Dungeon.
You visited 1 branch of the dungeon, and saw 4 of its levels.

You collected 188 gold pieces.

Inventory:

Hand Weapons
 d - a +0 spear
Jewellery
 t - a +6 ring of strength (left hand)
 u - a ring of fire (right hand)
Wands
 p - a wand of digging (2)
Scrolls
 c - a scroll of silence
 h - 2 scrolls of amnesia
 j - 2 scrolls of teleportation {unknown}
 l - a scroll of enchant armour {unknown}
 m - a scroll of fog {unknown}
 n - 2 scrolls of identify {unknown}
 o - a scroll of fear {unknown}
 r - a scroll of magic mapping {unknown}
 w - a scroll of acquirement {unknown}
Potions
 a - a potion of lignification
 e - 2 potions of cancellation {unknown}
 f - 2 potions of degeneration {unknown}
 g - 3 potions of haste {unknown}
 i - a potion of resistance {unknown}
 k - 2 potions of brilliance {unknown}
 q - a potion of flight {unknown}
 s - a potion of curing {unknown}
 v - a potion of attraction {unknown}


   Skills:
 + Level 1.2 Fighting
 + Level 2.2 Dodging
 + Level 4.0 Unarmed Combat
 + Level 2.5 Spellcasting
 + Level 3.0 Transmutations


You had 7 spell levels left.
You knew the following spells:

 Your Spells              Type           Power      Damage    Failure   Level
a - Beastly Appendage     Tmut           18%        N/A       7%          1

Your spell library contained the following spells:

 Spells                   Type           Power      Damage    Failure   Level
 Wereblood                Tmut           9%         N/A       11%         2
 Spider Form              Tmut/Pois      5%         N/A       36%         3
 Ice Form                 Ice/Tmut       5%         N/A       78%         4
 Malign Gateway           Summ/Tloc      0%         N/A       100%        7
 Summon Horrible Things   Summ           0%         N/A       100%        8


Dungeon Overview and Level Annotations

Branches:
Dungeon (4/15)
 Temple: D:4-7

Altars:


Innate Abilities, Weirdness & Mutations

Your plain brown scales are hard. (AC +5)
You cannot fit into any form of body armour.
You are cold-blooded and may be slowed by cold attacks.


Message History

You hit the scorpion.
The scorpion is heavily wounded.
You feel sick. The scorpion closely misses you.
You closely miss the scorpion.
The scorpion is heavily wounded.
You feel sick.
The scorpion stings you but does no damage.
You closely miss the scorpion.
The scorpion is heavily wounded.
You feel sick. The scorpion misses you. x2
You hit the scorpion.
Your tail-slap misses the scorpion.
The scorpion is severely wounded.
You feel sick. The scorpion barely misses you.
You hit the scorpion but do no damage.
You tail-slap the scorpion, but do no damage.
The scorpion is severely wounded.
You feel sick. The scorpion stings you.
You are lethally poisoned!
The scorpion poisons you!
You hit the scorpion but do no damage.
You tail-slap the scorpion, but do no damage.
The scorpion is severely wounded.
* * * LOW HITPOINT WARNING * * *
You feel sick. The scorpion barely misses you.
You closely miss the scorpion.
You tail-slap the scorpion, but do no damage.
The scorpion is severely wounded.
* * * LOW HITPOINT WARNING * * *
You feel very sick. The scorpion closely misses you.
You hit the scorpion. You tail-slap the scorpion.
The scorpion is severely wounded.
* * * LOW HITPOINT WARNING * * *
You feel sick. The scorpion stings you.
* * * LOW HITPOINT WARNING * * *
You hit the scorpion.
The scorpion is almost dead.
* * * LOW HITPOINT WARNING * * *
You feel sick. The scorpion stings you!
You die...

#.....## ...
#......#
....###
#......#####
#.....
#..........##
#.####
#........#..##
#
####.###.##..##
#.# #.###..#
#.# #.# ##.###
. #.# #.. #.@.#
.. #.# ###
###s### ... #.#
#[..### ....
#.# ###...#
..... #.#
###..# #....
..### ##


You could see a scorpion.

Vanquished Creatures
  3 adders
  An adder zombie (D:2)
  2 worms
  3 dart slugs (D:1)
  8 ball pythons
  9 bats
  A bat skeleton (D:2)
  3 endoplasms
  A giant cockroach (D:1)
  4 goblins
  3 hobgoblins
  3 jackals (D:1)
  4 kobolds
  2 quokkas (D:1)
  A ball python skeleton (D:2)
  A ball python zombie (D:2)
  2 frilled lizards (D:1)
  A jackal skeleton (D:2)
  A quokka skeleton (D:2)
  2 rats
55 creatures vanquished.

Vanquished Creatures (others)
  3 plants (D:1)
  5 withered plants (D:2)
8 creatures vanquished.

Grand Total: 63 creatures vanquished

Notes
Turn   | Place    | Note
-------+----------+-------------------------------------------
     0 | D:1      | argonath2 the Draconian Transmuter began the quest for the
                  | Orb.
     0 | D:1      | Reached XP level 1. HP: 16/16 MP: 3/3
    48 | D:1      | Reached XP level 2. HP: 14/23 MP: 5/5
   426 | D:1      | Found a faded altar of an unknown god.
   884 | D:1      | Reached XP level 3. HP: 24/28 MP: 4/6
  1889 | D:2      | Reached skill level 4 in Unarmed Combat
  1889 | D:2      | Reached XP level 4. HP: 30/35 MP: 5/7
  2751 | D:4      | Identified the +1 chain mail "Ogazotec" {Str+4 Int+4
                  | Slay+3}
  2753 | D:4      | Noticed a scorpion
  2779 | D:4      | Slain by a scorpion

Illustrated notes

Levels and vault maps discovered:
D:1:      elethiomel_arrival_maze, layout_loops_ring,
          dreamdust_ecumenical_altar_grove
D:2:      layout_loops_cross, serial_undead, serial_undead_a, serial_undead_b,
          serial_undead_e, serial_undead_b, wad_floor_pattern_untrapped,
          minivault_23
D:3:      layout_rooms
D:4:      layout_rooms, kennysheep_generic_room_8

Skill      XL: |  1  2  3  4 |
---------------+-------------+-----
Dodging        | 2 |  2.2
Unarmed Combat | 4 |  4.0
Transmutations | 3 |  3.0
Fighting       | |  1.2
Spellcasting   | |  2.5

Action                   |  1- 3 |  4- 6 || total
-------------------------+-------+-------++-------
Melee: Unarmed           |   128 |    44 ||   172
       Kick              |    19 |     6 ||    25
       Headbutt          |    21 |     1 ||    22
       Tailslap          |    13 |     4 ||    17
       Punch             |     2 |     1 ||     3
 Cast: Beastly Appendage |    34 |     9 ||    43
  Use: Scroll            |       |     2 ||     2
 Stab: Sleeping          |     1 |       ||     1
Armor: Skin              |    60 |    12 ||    72
Dodge: Dodged            |    82 |    35 ||   117

Table legend: (Time is in decaauts)
 A = Elapsed time spent in this place.
 B = Non-inter-level travel time spent in this place.
 C = Inter-level travel time spent in this place.
 D = Time resting spent in this place.
 E = Time spent auto-exploring this place.
 F = Levels seen in this place.
 G = Mean time per level.
                   A        B        C        D        E       F      G
               +--------+--------+--------+--------+--------+-----+--------+
         Total |   2766 |   2748 |     18 |      0 |   2079 |   4 |  691.5 |
       Dungeon |   2766 |   2748 |     18 |      0 |   2079 |   4 |  691.5 |
               +--------+--------+--------+--------+--------+-----+--------+

Top non-repeatable levels by time:
     D:1: 1138 daAuts
     D:2: 818 daAuts
     D:3: 659 daAuts
     D:4: 148 daAuts
